[Event "ICC tourney 2004 (25 5)"]
[Site "Internet Chess Club"]
[Date "2020.09.13"]
[Round "2"]
[White "Zwish"]
[Black "OctopusYule"]
[Result "1-0"]
[ICCResult "Black resigns"]
[WhiteElo "1963"]
[BlackElo "1856"]
[Opening "Anderssen's opening"]
[ECO "A00"]
[NIC "VO.14"]
[Time "13:31:29"]
[TimeControl "1500+5"]

1. a3 d5 2. Nf3 Nf6 3. c4 e6 4. e3 Be7 5. b3 c5 6. cxd5 exd5 7. d4 cxd4 8.
Nxd4 O-O 9. Bb2 Nc6 10. Be2 Nxd4 11. Qxd4 Be6 12. O-O b6 13. Bf3 Bc5 14. Qd3
Ne4 15. b4 Be7 16. Bxe4 dxe4 17. Qxe4 Rc8 18. Nc3 Bf6 19. Rfd1 Qe7 20. Rac1
Rfd8 21. h3 Rxd1+ 22. Nxd1 Rxc1 23. Bxc1 h6 24. Bb2 Qd7 25. Qc2 Bf5 26. Qc1
Qd3 27. Bxf6 gxf6 28. Qa1 Be4 29. Qd4 Qb1 30. Kh2 Bb7 31. Kg3 Qa2 32. Nc3
Qe6 33. Qg4+ Kh7 34. Qxe6 fxe6 35. e4 a6 36. Kf4 Kg6 37. Na4 b5 38. Nc5 Bc8
39. e5 fxe5+ 40. Kxe5 Kf7 41. f4 Ke7 42. g4 Kf7 43. h4 Ke7 44. g5 hxg5 45.
hxg5 Kf7 46. Kd6 e5 47. Kxe5 Kg6 48. Ne6 Bb7 49. f5+ Kf7 50. g6+ Kg8 51. f6
Bc8 52. f7+ {Black resigns} 1-0

[Event "ICC tourney 2004 (25 5)"]
[Site "Internet Chess Club"]
[Date "2020.09.13"]
[Round "2"]
[White "musk6868"]
[Black "tedchen"]
[Result "1/2-1/2"]
[ICCResult "Game drawn by mutual agreement"]
[WhiteElo "2053"]
[BlackElo "2349"]
[Opening "Robatsch (modern) defense"]
[ECO "B06"]
[NIC "KF.05"]
[Time "13:31:27"]
[TimeControl "1500+5"]

1. e4 g6 2. d4 Bg7 3. Nc3 d6 4. Be3 c6 5. Qd2 Nd7 6. h4 h5 7. Nh3 Ngf6 8. f3
Qc7 9. Ng5 b5 10. O-O-O O-O 11. Bd3 a5 12. f4 Ng4 13. f5 Nb6 14. fxg6 fxg6
15. Rdf1 Bd7 16. Rf3 Nxe3 17. Qxe3 b4 18. Ne2 c5 19. e5 cxd4 20. Nxd4 Nc4
21. Nde6 Nxe3 22. Nxc7 Rxf3 23. Nxf3 Rc8 24. exd6 exd6 25. Na6 Nxg2 26. Bxg6
Bb5 27. Bf5 Bxa6 28. Bxc8 Bxc8 29. Rg1 Bb7 30. Ng5 Bh6 31. c3 bxc3 32. bxc3
Kg7 33. Kc2 Bxg5 34. hxg5 h4 35. Kb3 Bc6 36. Rd1 h3 37. Rxd6 h2 38. Rh6 Nh4
39. Rxh4 h1=Q 40. Rxh1 Bxh1 41. Ka4 Kg6 42. Kxa5 Kxg5 43. Kb6 Kf6 44. c4 Ke7
45. Kc7 Ke6 46. a4 Ke5 47. c5 Kd5 48. Kb6 Ke6 49. Kc7 Kd5 50. Kb6 Ke6 51. a5
Kd7 52. a6 Kc8 53. c6 Bxc6 54. Kxc6 Kb8 55. Kb6 Ka8
{Game drawn by mutual agreement}
1/2-1/2

[Event "ICC tourney 2004 (25 5)"]
[Site "Internet Chess Club"]
[Date "2020.09.13"]
[Round "2"]
[White "chesslin"]
[Black "Almanac2050"]
[Result "1-0"]
[ICCResult "Black resigns"]
[WhiteElo "1953"]
[BlackElo "1596"]
[Opening "Queen's pawn, Mason variation"]
[ECO "D00"]
[NIC "QP.08"]
[Time "13:31:31"]
[TimeControl "1500+5"]

1. d4 d5 2. Bf4 Nf6 3. e3 e6 4. Nd2 c5 5. c3 Nc6 6. Ngf3 Be7 7. Ne5 Nd7 8.
Nxd7 Bxd7 9. Bd3 Qb6 10. Rb1 cxd4 11. exd4 Bf6 12. Nf3 O-O 13. O-O Rfe8 14.
Re1 h6 15. Qd2 Ne7 16. Ne5 Bb5 17. Bc2 Nf5 18. a4 Bc6 19. b4 Bxe5 20. Rxe5
f6 21. Re2 Bd7 22. Qd3 Rac8 23. g4 Ne7 24. Bxh6 gxh6 25. Qh7+ Kf8 26. Qxh6+
Kf7 27. Qh7+ Kf8 28. Bg6 Nxg6 29. Qxg6 e5 30. Re3 f5 31. Qh7 Qf6 32. Qxd7
Qg6 33. Qxd5 Qxg4+ 34. Rg3 Qe4 35. Qg8+ Ke7 36. Qg5+ Kd7 37. Rd1 Kc7 38.
dxe5 Qxe5 39. Qg7+ Qxg7 40. Rxg7+ Kb8 41. Rdd7 Rxc3 42. Rxb7+ Kc8 43. Rxa7
Kb8 44. b5 Rc2 45. Rgb7+ Kc8 46. Re7 Rd8 47. Rec7+ Kb8 48. Rab7+ Ka8 49.
Rxc2 Kxb7 50. Rc5 Rf8 51. f4 Kb6 52. Rc6+ Ka5 53. Ra6+ Kb4 54. Kf2 Kc3 55.
a5 Kb4 56. b6 Kb5 57. Ra7 Kc6 58. Rc7+ Kb5 59. Ra7 Kc6 60. h4 Rh8 61. Kg3
Rg8+ 62. Kh3 Re8 63. Rc7+ Kb5 64. b7 Rb8 65. Rf7 Ka6 66. h5 Rh8 67. Kh4 Kxa5
68. Kg5 Kb6 69. h6 {Black resigns} 1-0

[Event "ICC tourney 2004 (25 5)"]
[Site "Internet Chess Club"]
[Date "2020.09.13"]
[Round "3"]
[White "andrewjiang2"]
[Black "Checkmatestone"]
[Result "0-1"]
[ICCResult "White resigns"]
[WhiteElo "2062"]
[BlackElo "1980"]
[Opening "Giuoco Piano"]
[ECO "C54"]
[NIC "IG.02"]
[Time "14:46:13"]
[TimeControl "1500+5"]

1. e4 e5 2. Nf3 Nc6 3. Bc4 Bc5 4. c3 Nf6 5. d3 O-O 6. O-O d6 7. Nbd2 Ne7 8.
Re1 Ng6 9. Nf1 Bb6 10. Ng3 c6 11. h3 a5 12. d4 exd4 13. cxd4 d5 14. exd5
Nxd5 15. Bg5 Qd6 16. Bxd5 Qxd5 17. Qd3 Bc7 18. Ne4 Bf5 19. g4 Bxe4 20. Qxe4
Qxe4 21. Rxe4 f5 22. gxf5 Rxf5 23. Kg2 Raf8 24. Re3 h6 25. Be7 R8f7 26. Rae1
Nf4+ {White resigns} 0-1

[Event "ICC tourney 2004 (25 5)"]
[Site "Internet Chess Club"]
[Date "2020.09.13"]
[Round "3"]
[White "tedchen"]
[Black "BreatheChessAls"]
[Result "1-0"]
[ICCResult "Black checkmated"]
[WhiteElo "2364"]
[BlackElo "1938"]
[Opening "QGD Slav: Krause attack"]
[ECO "D17"]
[NIC "SL.04"]
[Time "14:46:10"]
[TimeControl "1500+5"]

1. d4 d5 2. c4 c6 3. Nf3 Nf6 4. Nc3 dxc4 5. a4 Bf5 6. Ne5 Nfd7 7. Nxc4 Nb6
8. e4 Bg6 9. Ne3 a5 10. Be2 e6 11. O-O Bb4 12. Qb3 O-O 13. f4 Bxc3 14. bxc3
Bxe4 15. f5 exf5 16. Nxf5 Bxf5 17. Rxf5 N8d7 18. Ba3 Re8 19. Qxf7+ Kh8 20.
Raf1 Nf6 21. Rg5 Qd7 22. Rxf6 Rxe2 23. Qf8+ Rxf8 24. Rxf8# {Black
checkmated} 1-0

[Event "ICC tourney 2004 (25 5)"]
[Site "Internet Chess Club"]
[Date "2020.09.13"]
[Round "3"]
[White "stepke"]
[Black "Zwish"]
[Result "0-1"]
[ICCResult "White resigns"]
[WhiteElo "1404"]
[BlackElo "1952"]
[Opening "Queen's pawn game"]
[ECO "A50"]
[NIC "QP.07"]
[Time "14:47:03"]
[TimeControl "1500+5"]

1. d4 Nf6 2. c4 a6 3. Nc3 c5 4. d5 b5 5. b3 b4 6. Na4 d6 7. Nf3 g6 8. Bg5
Bg7 9. Rc1 Ne4 10. Bf4 Nd7 11. e3 Nb6 12. Nxb6 Bc3+ 13. Rxc3 Nxc3 14. Qa1
Qxb6 15. Bd3 Qa5 16. a4 bxa3 17. O-O g5 18. Bxg5 f6 19. Bf4 a2 20. Rc1 Nb1
21. Bxb1 axb1=Q 22. Rxb1 Qxa1 23. Rxa1 Rb8 24. Rb1 Bf5 25. Rb2 Rb6 26. Nd2
Kd7 27. e4 Bg6 28. f3 Rhb8 29. Kf2 a5 30. Ra2 Ra8 31. Ke3 Rb4 32. h3 Kc7 33.
g4 a4 34. h4 Kb7 35. Ra3 axb3 36. Rxb3 Rxb3+ 37. Nxb3 Ra3 {White resigns}
0-1

[Event "ICC tourney 2004 (25 5)"]
[Site "Internet Chess Club"]
[Date "2020.09.13"]
[Round "3"]
[White "town"]
[Black "chesslin"]
[Result "1-0"]
[ICCResult "Black resigns"]
[WhiteElo "2161"]
[BlackElo "1941"]
[Opening "Robatsch (modern) defense"]
[ECO "B06"]
[NIC "KF.05"]
[Time "14:46:27"]
[TimeControl "1500+5"]

1. e4 g6 2. d4 Bg7 3. Nf3 d6 4. Bc4 Nf6 5. Qe2 O-O 6. e5 dxe5 7. dxe5 Nd5 8.
O-O Bg4 9. Nbd2 c5 10. Qe4 Bxf3 11. Nxf3 e6 12. Bg5 Qb6 13. Bxd5 exd5 14.
Qxd5 Re8 15. b3 Nc6 16. Rfe1 h6 17. Bf6 Re6 18. Qd2 Rae8 19. Qc3 Nd4 20.
Bxg7 Nxf3+ 21. Qxf3 Kxg7 22. Qc3 g5 23. Re4 Qc6 24. Rae1 Qd5 25. Qg3 Kg6 26.
f4 f5 27. R4e3 Qd4 28. Rf1 Rxe5 29. fxe5 Rxe5 30. Qxe5 {Black resigns} 1-0

[Event "ICC tourney 2004 (25 5)"]
[Site "Internet Chess Club"]
[Date "2020.09.13"]
[Round "3"]
[White "londonkid"]
[Black "challenger2010"]
[Result "1/2-1/2"]
[ICCResult "Game drawn because neither player has mating material"]
[WhiteElo "2123"]
[BlackElo "1958"]
[Opening "Queen's Indian: old main line, 7.Nc3"]
[ECO "E18"]
[NIC "QI.10"]
[Time "14:47:03"]
[TimeControl "1500+5"]

1. d4 Nf6 2. c4 e6 3. Nf3 b6 4. g3 Bb7 5. Bg2 Be7 6. O-O O-O 7. Nc3 Ne4 8.
Bd2 f5 9. Qc2 Bf6 10. Rad1 d6 11. d5 Bxc3 12. Bxc3 Nxc3 13. Qxc3 e5 14. c5
bxc5 15. Nxe5 Qf6 16. Nc6 Qxc3 17. bxc3 Nd7 18. Rfe1 Bxc6 19. dxc6 Nb6 20.
e4 fxe4 21. Rxe4 Rae8 22. Rde1 Rxe4 23. Rxe4 Kf7 24. c4 Re8 25. Rf4+ Kg8 26.
Bd5+ Kh8 27. Rf7 Nxd5 28. cxd5 c4 29. Rf3 g5 30. Rc3 Re4 31. f3 Rd4 32. Kf2
Rxd5 33. Rxc4 Rd2+ 34. Ke3 Rxa2 35. Re4 Ra3+ 36. Kf2 Ra2+ 37. Kg1 Ra6 38.
Re8+ Kg7 39. Re7+ Kf6 40. Rxc7 h5 41. Rc8 Ra1+ 42. Kf2 Rc1 43. c7 Ke7 44. h4
gxh4 45. gxh4 Rc5 46. Rh8 Rxc7 47. Rh7+ Kd8 48. Rxh5 Rc5 49. Rh8+ Kc7 50. h5
a5 51. h6 Kb7 52. Rd8 Rh5 53. Rxd6 a4 54. Rd4 Rxh6 55. Rxa4 Kc7 56. Kg3 Kd7
57. Ra7+ Ke8 58. Kg4 Rh1 59. Kf5 Rf1 60. f4 Kf8 61. Kg5 Kg8 62. f5 Rb1 63.
Kg6 Rg1+ 64. Kf6 Rb1 65. Ra8+ Kh7 66. Re8 Rb6+ 67. Kf7 Rb5 68. f6 Rb7+ 69.
Kf8 Kg6 70. Re6 Rf7+ 71. Kg8 Rxf6 72. Rxf6+ Kxf6
{Game drawn because neither player has mating material}
1/2-1/2

[Event "ICC tourney 2004 (25 5)"]
[Site "Internet Chess Club"]
[Date "2020.09.13"]
[Round "3"]
[White "jy2020"]
[Black "Drachekokosnuss"]
[Result "1-0"]
[ICCResult "Black resigns"]
[WhiteElo "2244"]
[BlackElo "2044"]
[Opening "Ruy Lopez: closed, Pilnik variation"]
[ECO "C77"]
[NIC "RL.12"]
[Time "14:46:16"]
[TimeControl "1500+5"]

1. e4 e5 2. Nf3 Nc6 3. Bb5 a6 4. Ba4 Nf6 5. d3 b5 6. Bb3 Be7 7. O-O O-O 8.
Re1 d6 9. c3 Na5 10. Bc2 c5 11. Nbd2 Nc6 12. Nf1 h6 13. h3 Be6 14. Ng3 Rc8
15. Qe2 Qc7 16. Bd2 Nd7 17. Nh2 d5 18. Rf1 dxe4 19. dxe4 Nf6 20. Rfd1 Rcd8
21. Be3 Rxd1+ 22. Bxd1 Rd8 23. Bc2 Bc4 24. Qf3 Bd3 25. Bxd3 Rxd3 26. Ng4
Nxg4 27. Qxg4 Rd6 28. Nf5 Rg6 29. Qf3 Nd8 30. Rd1 Ne6 31. h4 c4 32. h5 Rf6
33. Qg3 Kh7 34. Nxe7 Qxe7 35. Qxe5 Qc7 36. Qxc7 Nxc7 37. Rd7 Ne6 38. f3
{Black resigns}
1-0

[Event "ICC tourney 2004 (25 5)"]
[Site "Internet Chess Club"]
[Date "2020.09.13"]
[Round "3"]
[White "Slypawn"]
[Black "TjkTiger"]
[Result "0-1"]
[ICCResult "White resigns"]
[WhiteElo "2131"]
[BlackElo "2613"]
[Opening "Sicilian defense"]
[ECO "B20"]
[NIC "SI.48"]
[Time "14:47:03"]
[TimeControl "1500+5"]

1. e4 c5 2. b3 Nc6 3. Bb2 e5 4. Bb5 d6 5. Bxc6+ bxc6 6. Nc3 Qg5 7. Nf3 Qxg2
8. Rg1 Qh3 9. Rg3 Qd7 10. Qe2 Nf6 11. O-O-O g6 12. Na4 Bg7 13. Nxc5 dxc5 14.
Nxe5 Qc7 15. Nc4 O-O 16. Be5 Qe7 17. Bd6 Qxe4 18. Re3 Qh4 19. Bxf8 Bxf8 20.
f3 Bf5 21. Re5 Qd4 22. c3 Qd3 23. Qxd3 Bxd3 24. Na5 Bd6 25. Re3 Bf5 26. h4
Nd5 27. Ree1 Nf4 {White resigns} 0-1

[Event "ICC tourney 2004 (25 5)"]
[Site "Internet Chess Club"]
[Date "2020.09.13"]
[Round "3"]
[White "Xuanli28"]
[Black "MrNormalName"]
[Result "1-0"]
[ICCResult "Black checkmated"]
[WhiteElo "2265"]
[BlackElo "2185"]
[Opening "Giuoco Piano"]
[ECO "C54"]
[NIC "IG.02"]
[Time "14:47:03"]
[TimeControl "1500+5"]

1. e4 e5 2. Nf3 Nc6 3. Bc4 Bc5 4. c3 Nf6 5. d3 a6 6. a4 O-O 7. O-O h6 8. h3
d6 9. Nbd2 Be6 10. Bxe6 fxe6 11. Nb3 Ba7 12. Qe2 a5 13. Bd2 Bb6 14. Rac1 Qe8
15. Rfe1 Nh5 16. d4 exd4 17. cxd4 Nf4 18. Bxf4 Rxf4 19. Rc3 Qg6 20. e5 d5
21. Qe3 Raf8 22. Kh1 Qf5 23. Qd2 Qh5 24. Ree3 Qg6 25. Qd1 Nxd4 26. Nbxd4
Bxd4 27. Nxd4 Rxf2 28. Qg4 Qb1+ 29. Kh2 Qxb2 30. Rxc7 Rxg2+ 31. Qxg2 Rf2 32.
Re2 Rxe2 33. Rxg7+ Kh8 34. Rg8+ Kh7 35. Nxe2 Qxe5+ 36. Kh1 Qa1+ 37. Ng1 Qf6
38. Rc8 Qf7 39. Qc2+ Qf5 40. Rc7+ Kg6 41. Qg2+ Kh5 42. Ne2 Qb1+ 43. Rc1 Qb4
44. Rg1 Qxa4 45. Qf3+ Kh4 46. Rg4+ Kh5 47. Ng3# {Black checkmated} 1-0

[Event "ICC tourney 2004 (25 5)"]
[Site "Internet Chess Club"]
[Date "2020.09.13"]
[Round "3"]
[White "Leolix"]
[Black "chessbn"]
[Result "1-0"]
[ICCResult "Black forfeits on time"]
[WhiteElo "1950"]
[BlackElo "1884"]
[Opening "Queen's pawn, Mason variation"]
[ECO "D00"]
[NIC "QP.08"]
[Time "14:46:36"]
[TimeControl "1500+5"]

1. d4 d5 2. Bf4 Nf6 3. e3 c5 4. c3 Nc6 5. Nd2 e6 6. Ngf3 Bd6 7. Bg3 O-O 8.
Bd3 b6 9. Ne5 Bb7 10. Ndf3 Ne4 11. Qc2 Ne7 12. h4 f6 13. Ng4 Bxg3 14. fxg3
Nxg3 15. Bxh7+ Kh8 16. Rh3 Ne4 17. Bxe4 dxe4 18. Nd2 cxd4 19. exd4 f5 20.
Ne5 Kg8 21. O-O-O Nc6 22. Ndc4 Nxe5 23. Nxe5 Rc8 24. h5 Qg5+ 25. Qd2 Qxd2+
26. Kxd2 f4 27. h6 gxh6 28. Rxh6 e3+ 29. Kd3 Ba6+ 30. c4 Rf5 31. Rdh1 Rxe5
32. Rh8+ Kg7 33. Rxc8 Bxc8 34. dxe5 Kg6 35. g3 fxg3 36. Rg1 Kf5 37. Rxg3
Kxe5 38. Kxe3 Bd7 39. Rg7 Kd6 40. b4 a5 41. c5+ bxc5 42. bxa5 Bb5 43. a4 Bc4
44. Rb7 Kc6 45. Rb6+ Kc7 46. Kd2 Bd5 47. Rb5 c4 48. a6 Ba8 49. a7 Bb7 50. a5
{Black forfeits on time}
1-0

[Event "ICC tourney 2004 (25 5)"]
[Site "Internet Chess Club"]
[Date "2020.09.13"]
[Round "3"]
[White "KnightHopper"]
[Black "drberkley"]
[Result "1-0"]
[ICCResult "Black resigns"]
[WhiteElo "2042"]
[BlackElo "1903"]
[Opening "Pirc: Austrian attack, 6.Be3"]
[ECO "B09"]
[NIC "PU.06"]
[Time "14:47:03"]
[TimeControl "1500+5"]

1. e4 d6 2. d4 Nf6 3. Nc3 g6 4. f4 Bg7 5. Nf3 O-O 6. Be3 Ng4 7. Qd2 Nxe3 8.
Qxe3 Bg4 9. O-O-O c6 10. h3 Bxf3 11. Qxf3 Qa5 12. e5 Na6 13. Bxa6 bxa6 14.
Qxc6 Rfc8 15. Qd5 Qb6 16. Rd3 Rab8 17. b3 dxe5 18. fxe5 Qb4 19. Kb2 Rb6 20.
Rf1 e6 21. Qd7 Rf8 22. Ne4 Rb7 23. Qd6 Qb5 24. c4 Qa5 25. Qc5 Qd8 26. Nf6+
Bxf6 27. exf6 h6 28. d5 Rd7 29. d6 Qb6 30. Qxb6 axb6 31. b4 Rc8 32. Rc1 Kf8
33. c5 bxc5 34. bxc5 Rc6 35. Rb3 Ke8 36. Rb8+ Rd8 37. d7+ Kxd7 38. Rd1+ Kc7
39. Rdxd8 Rxc5 40. Rbc8+ {Black resigns} 1-0

[Event "ICC tourney 2004 (25 5)"]
[Site "Internet Chess Club"]
[Date "2020.09.13"]
[Round "3"]
[White "musk6868"]
[Black "vyomvidy"]
[Result "0-1"]
[ICCResult "White checkmated"]
[WhiteElo "2036"]
[BlackElo "2321"]
[Opening "Ruy Lopez: Anderssen variation"]
[ECO "C77"]
[NIC "RL.12"]
[Time "14:46:13"]
[TimeControl "1500+5"]

1. e4 e5 2. Nf3 Nc6 3. Bb5 a6 4. Ba4 Nf6 5. d3 d6 6. O-O Bg4 7. h3 Bh5 8. a3
b5 9. Bb3 Nd4 10. Ba2 Bxf3 11. gxf3 Nh5 12. f4 Qh4 13. c3 Ne6 14. Bxe6 fxe6
15. Qg4 Qxg4+ 16. hxg4 Nxf4 17. Bxf4 exf4 18. Nd2 Be7 19. Kg2 O-O-O 20. Rh1
g6 21. Kf3 e5 22. c4 Kd7 23. Rh6 Bg5 24. Rh2 Rb8 25. Rah1 h6 26. Ke2 bxc4
27. Nxc4 Rb3 28. Kd2 Ke6 29. Kc2 Rhb8 30. f3 c6 31. Re2 Bf6 32. Rb1 h5 33.
gxh5 gxh5 34. Na5 R3b5 35. Nc4 Rg8 36. Rh1 h4 37. Rhh2 Rg3 38. Ref2 Rb8 39.
Nd2 Rbg8 40. Nf1 Bd8 41. Kd2 Bb6 42. Re2 Rxf3 43. Rxh4 Rxf1 44. Rh6+ Kd7 45.
Rh7+ Kc8 46. Reh2 Rf2+ 47. Rxf2 Bxf2 48. Rf7 Be3+ 49. Kc3 Rg2 50. b3 a5 51.
b4 a4 52. Rf6 Bd4+ 53. Kc4 Rc2# {White checkmated} 0-1

[Event "ICC tourney 2004 (25 5)"]
[Site "Internet Chess Club"]
[Date "2020.09.13"]
[Round "3"]
[White "chessrex"]
[Black "OctopusYule"]
[Result "1-0"]
[ICCResult "Black resigns"]
[WhiteElo "2004"]
[BlackElo "1858"]
[Opening "Paleface attack"]
[ECO "A45"]
[NIC "QP.07"]
[Time "14:46:21"]
[TimeControl "1500+5"]

1. d4 Nf6 2. f3 e6 3. e4 d6 4. Be3 Be7 5. Bd3 c5 6. c3 O-O 7. Ne2 Nc6 8. O-O
b6 9. Nd2 Re8 10. Ng3 Qc7 11. Rc1 Bb7 12. Qe2 Rac8 13. Ba6 Bxa6 14. Qxa6 Qb8
15. Qe2 Bf8 16. Rfe1 h6 17. a3 Red8 18. Red1 cxd4 19. cxd4 e5 20. d5 Ne7 21.
Qf1 Ng6 22. Nf5 Ne7 23. Nxe7+ Bxe7 24. Rxc8 Rxc8 25. Rc1 Nd7 26. b4 Bg5 27.
Bxg5 hxg5 28. Rc4 Rxc4 29. Qxc4 b5 30. Qc6 Qb6+ 31. Qxb6 Nxb6 32. Kf2 Kf8
33. Ke3 Ke7 34. Kd3 Kd7 35. Kc3 Nc8 36. Nf1 Ne7 37. Ne3 g6 38. Kd3 Nc8 39.
Kc3 Nb6 40. Kb3 Ke7 41. Kc3 Kd7 42. g3 Ke7 43. Nd1 Nc4 44. a4 a6 45. axb5
axb5 46. Kd3 Kd7 47. Nc3 Na3 48. Kd2 Kc7 49. Kd3 Kb6 50. Nd1 Nc4 51. Nf2 Kc7
52. Nh3 f6 53. Nf2 Kd7 54. Ng4 Ke7 55. Nf2 Nb6 56. Nd1 Na8 57. Nc3 Nc7 58.
Ke3 Kd7 59. f4 gxf4+ 60. gxf4 exf4+ 61. Kxf4 Na6 62. Nxb5 Nxb4 63. Nd4 Nd3+
64. Kg3 Nc5 65. Kf4 Ke7 66. Nc6+ Kf7 67. Nd8+ Ke7 68. Nc6+ Kf7 69. Na5 Nd3+
70. Ke3 Ne5 71. h3 Ke7 72. Nb7 Nf7 73. Na5 Ng5 74. h4 Nf7 75. Nc6+ Kd7 76.
Nd4 Ne5 77. Ne6 Ke7 78. h5 gxh5 79. Ng7 Nc4+ 80. Kf4 Kf7 81. Nxh5 Nb6 82.
Kf5 Nd7 83. Nf4 Nc5 84. Nh5 Nd7 85. Nf4 Nc5 86. Ne2 Ke7 87. Nc3 Nb7 88. Nb5
Kf7 89. Na7 Ke7 90. Nc6+ Kf7 91. Nb8 Ke7 92. Nc6+ Kf7 93. Nd4 Nc5 94. Kf4
Nd3+ 95. Ke3 Nc5 96. Nf5 Nb7 97. Kd4 Ke8 98. Kc4 Kd7 99. Kd4 Nc5 100. Ne3
Nb7 101. Nc4 Ke7 102. Nb6 Ke8 103. Ke3 Ke7 104. Kf4 Kf7 105. Nc8 Ke8 106.
Kf5 Kf7 107. Nb6 Nc5 108. Na8 Nb7 109. Nc7 Ke7 110. Ne6 Kf7 111. Nf4 Nc5
112. Nh5 Nd7 113. Nf4 Nc5 114. Ne2 Nb7 115. Nc3 Ke7 116. Kg6 Nc5 117. Kg7
Nb7 118. Ne2 Nc5 119. Ng3 Nd7 120. Nf5+ Kd8 121. Nxd6 Ke7 122. Nf5+ Ke8 123.
Kg6 Nc5 124. Ng3 Nd7 125. Kf5 Ke7 126. Nh5 Kf7 127. Nf4 Nc5 128. d6 Nd7 129.
Nd5 Kg7 130. Ke6 Nc5+ 131. Ke7 Kg6 132. Nxf6 Kg7 133. d7 Nxd7 134. Nxd7 Kg6
135. e5 Kg7 136. e6 Kg8 137. Nf6+ Kg7 138. Nd5 Kg8 139. Kd8 Kf8 140. e7+ Kg7
141. e8=Q Kh6 142. Qg8 Kh5 143. Ne3 Kh6 144. Ke7 Kh5 145. Kf6 {Black
resigns} 1-0

[Event "ICC tourney 2004 (25 5)"]
[Site "Internet Chess Club"]
[Date "2020.09.13"]
[Round "4"]
[White "stepke"]
[Black "chessrex"]
[Result "0-1"]
[ICCResult "White checkmated"]
[WhiteElo "1406"]
[BlackElo "1995"]
[Opening "Philidor: López counter-gambit"]
[ECO "C41"]
[NIC "KP.10"]
[Time "16:01:47"]
[TimeControl "1500+5"]

1. e4 e5 2. Nf3 d6 3. Bc4 f5 4. d3 c6 5. O-O f4 6. d4 Qf6 7. dxe5 dxe5 8. b3
Bg4 9. Be2 Bd6 10. Bb2 Nd7 11. Nc3 Ne7 12. Nxe5 Bxe5 13. Bxg4 Rd8 14. Qf3
Ng6 15. Rfd1 O-O 16. Rxd7 Rxd7 17. Bxd7 Rd8 18. Bf5 Nh4 19. Qh3 f3 20. g3
Nxf5 21. Qxf5 Bxc3 22. Qxf6 Bxf6 23. Bxf6 gxf6 24. Kf1 Rd2 25. Rc1 Kf7 26.
a3 Ke6 27. c4 Ke5 28. Rc3 Rd1# {White checkmated} 0-1

[Event "ICC tourney 2004 (25 5)"]
[Site "Internet Chess Club"]
[Date "2020.09.13"]
[Round "4"]
[White "Drachekokosnuss"]
[Black "Checkmatestone"]
[Result "1-0"]
[ICCResult "Black resigns"]
[WhiteElo "2126"]
[BlackElo "1916"]
[Opening "Ruy Lopez: classical (Cordel) defense"]
[ECO "C64"]
[NIC "RL.01"]
[Time "16:01:36"]
[TimeControl "1500+5"]

1. e4 e5 2. Nf3 Nc6 3. Bb5 Bc5 4. Nxe5 Bxf2+ 5. Kxf2 Nxe5 6. d4 Qf6+ 7. Kg1
Nc6 8. Be3 a6 9. Bc4 d6 10. Nc3 Nge7 11. Qd2 O-O 12. Rf1 Qg6 13. a3 b5 14.
Bd3 h6 15. Nd5 Qg4 16. h3 Qd7 17. Bxh6 Nxd5 18. exd5 Ne7 19. Bxg7 Kxg7 20.
Qg5+ Ng6 21. Qf6+ Kh6 22. Bxg6 fxg6 23. Qxf8+ Qg7 24. Qf4+ Kh7 25. Qh4+ Kg8
26. Re1 g5 27. Re8+ Kf7 28. Qh5+ Kf6 29. Kh2 {Black resigns} 1-0

[Event "ICC tourney 2004 (25 5)"]
[Site "Internet Chess Club"]
[Date "2020.09.13"]
[Round "4"]
[White "drberkley"]
[Black "andrewjiang2"]
[Result "1-0"]
[ICCResult "Black resigns"]
[WhiteElo "1937"]
[BlackElo "2048"]
[Opening "Vienna gambit"]
[ECO "C29"]
[NIC "VG.03"]
[Time "16:01:29"]
[TimeControl "1500+5"]

1. e4 e5 2. Nc3 Nf6 3. f4 d5 4. fxe5 Nxe4 5. Nf3 Bc5 6. d4 Bb4 7. Bd2 Bxc3
8. bxc3 O-O 9. Bd3 c5 10. O-O Nc6 11. Qe1 Bg4 12. Bxe4 dxe4 13. Qxe4 Bxf3
14. Rxf3 cxd4 15. cxd4 Qxd4+ 16. Qxd4 Nxd4 17. Rf2 Nxc2 18. Rc1 Nd4 19. Rc7
Rab8 20. Bb4 Rfe8 21. Rfxf7 Ne6 22. Rcd7 Red8 23. Rxb7 Rbc8 24. Rfe7 Rd1+
25. Kf2 Rc6 26. Re8+ {Black resigns} 1-0

[Event "ICC tourney 2004 (25 5)"]
[Site "Internet Chess Club"]
[Date "2020.09.13"]
[Round "4"]
[White "Leolix"]
[Black "KnightHopper"]
[Result "0-1"]
[ICCResult "White resigns"]
[WhiteElo "1935"]
[BlackElo "2043"]
[Opening "Queen's pawn, Mason variation"]
[ECO "D00"]
[NIC "QP.08"]
[Time "16:01:33"]
[TimeControl "1500+5"]

1. d4 d5 2. Bf4 Nf6 3. e3 c5 4. c3 Qb6 5. Qb3 c4 6. Qc2 g6 7. Nd2 Bf5 8. Qc1
Qc6 9. b3 b5 10. a4 a6 11. Ngf3 Nbd7 12. Ne5 Nxe5 13. Bxe5 Bg7 14. Nf3 O-O
15. Be2 cxb3 16. axb5 axb5 17. O-O Rxa1 18. Qxa1 Ra8 19. Qb2 Ra2 20. Qxb3
Rxe2 21. Rc1 Ne4 22. Bxg7 Kxg7 23. Ne5 Qxc3 24. Qd1 Qd2 25. Qxd2 Rxd2 26. f3
Nd6 27. g4 Bc2 28. Nc6 Rd1+ 29. Rxd1 Bxd1 30. Kf2 Bb3 31. Nxe7 Bc4 32. Nc6
Kf6 33. Ke1 Ke6 34. Kd2 g5 35. Kc3 f5 36. h3 Bf1 37. Kb4 Bxh3 38. Ne5 fxg4
39. fxg4 Nc4 40. Nf3 h6 41. Kxb5 Bxg4 42. Nh2 Be2 43. Kc5 h5 44. e4 dxe4 45.
Kc6 g4 46. d5+ Ke5 47. d6 Nxd6 {White resigns} 0-1

[Event "ICC tourney 2004 (25 5)"]
[Site "Internet Chess Club"]
[Date "2020.09.13"]
[Round "4"]
[White "BreatheChessAls"]
[Black "Xuanli28"]
[Result "0-1"]
[ICCResult "White checkmated"]
[WhiteElo "1936"]
[BlackElo "2256"]
[Opening "Queen's pawn: London system"]
[ECO "A45"]
[NIC "QP.07"]
[Time "16:01:23"]
[TimeControl "1500+5"]

1. d4 Nf6 2. Bf4 g6 3. e3 Bg7 4. Nf3 d6 5. h3 O-O 6. Be2 Nbd7 7. O-O Re8 8.
c4 e5 9. Bh2 Qe7 10. Nc3 c6 11. Rc1 b6 12. b4 a5 13. b5 c5 14. dxe5 Nxe5 15.
Nxe5 dxe5 16. Nd5 Nxd5 17. cxd5 Qd6 18. e4 f5 19. Bf3 f4 20. a4 Rf8 21. Bg4
Bxg4 22. Qxg4 Ra7 23. Qf3 Raf7 24. Rc4 g5 25. Qd1 Qg6 26. f3 h5 27. Kh1 Rd8
28. Qe2 Bf8 29. Rg1 Bd6 30. g3 Re8 31. g4 Rh7 32. Qg2 Kf7 33. gxh5 Rxh5 34.
Qg4 Reh8 35. Rc2 Rxh3 36. Rgg2 R8h4 37. Qd7+ Be7 38. Rcd2 Rxf3 39. Kg1 Qxe4
40. Qe6+ Kf8 41. Rge2 Rg4+ 42. Qxg4 Qb1+ 43. Kg2 Qf1# {White checkmated} 0-1

[Event "ICC tourney 2004 (25 5)"]
[Site "Internet Chess Club"]
[Date "2020.09.13"]
[Round "4"]
[White "challenger2010"]
[Black "Slypawn"]
[Result "1-0"]
[ICCResult "Black checkmated"]
[WhiteElo "1982"]
[BlackElo "2116"]
[Opening "Réti: King's Indian attack"]
[ECO "A05"]
[NIC "QP.11"]
[Time "16:02:21"]
[TimeControl "1500+5"]

1. Nf3 Nf6 2. g3 g6 3. Bg2 Bg7 4. O-O O-O 5. c4 d6 6. Nc3 e5 7. b3 Bg4 8.
Bb2 Nc6 9. h3 Bd7 10. d4 Rb8 11. e3 Re8 12. dxe5 dxe5 13. Qe2 Qe7 14. Nb5
Bf5 15. g4 Be4 16. Rad1 Bxf3 17. Bxf3 e4 18. Bg2 a6 19. Ba3 Qe5 20. Bb2 Qe7
21. Nc3 Qc5 22. Nd5 Nxd5 23. Bxg7 Kxg7 24. Rxd5 Qe7 25. Rfd1 Rbd8 26. Rxd8
Rxd8 27. Rxd8 Nxd8 28. Qb2+ Kg8 29. Qd4 Ne6 30. Qxe4 c6 31. Qe5 Qb4 32. Kh2
Qd2 33. Kg3 Qd8 34. h4 Qe7 35. g5 h6 36. gxh6 Kh7 37. Bh3 Kxh6 38. Qh8#
{Black checkmated}
1-0

[Event "ICC tourney 2004 (25 5)"]
[Site "Internet Chess Club"]
[Date "2020.09.13"]
[Round "4"]
[White "Zwish"]
[Black "town"]
[Result "0-1"]
[ICCResult "White checkmated"]
[WhiteElo "1943"]
[BlackElo "2161"]
[Opening "Anderssen's opening"]
[ECO "A00"]
[NIC "VO.14"]
[Time "16:01:29"]
[TimeControl "1500+5"]

1. a3 e5 2. c4 Nf6 3. e3 d5 4. cxd5 Nxd5 5. Nf3 Nc6 6. Qc2 Bd6 7. Be2 O-O 8.
O-O Kh8 9. d3 f5 10. Nbd2 Qe7 11. b3 Bd7 12. Bb2 Rae8 13. Rfe1 e4 14. Nd4 f4
15. Nf1 f3 16. gxf3 Nxd4 17. exd4 Qg5+ 18. Ng3 exf3 19. Bf1 Qh4 20. Re4 Rxe4
21. dxe4 Bh3 22. exd5 Bxf1 23. Kxf1 Qxh2 24. Rc1 Re8 25. Ne4 Qh1#
{White checkmated}
0-1